 Dungeon Crawl Stone Soup version 0.22-a0 (webtiles) character file.

410 shenanigans the Skirmisher (level 6, -3/51 HPs)
             Began as a Barachi Monk on Dec 31, 2017.
             Slain by an ogre
             ... wielding a cursed -3 giant club
              (8 damage)
             ... on level 5 of the Dungeon.
             The game lasted 00:08:29 (4969 turns).

shenanigans the Skirmisher (Barachi Monk)           Turns: 4969, Time: 00:08:29

Health: -3/51      AC: 11    Str: 12    XL:     6   Next: 89%
Magic:  6/6        EV:  4    Int: 12    God:
Gold:   167        SH:  0    Dex: 15    Spells: 5/5 levels left

rFire    . . .     SeeInvis .   a - +0 trident (venom)
rCold    . . .     Gourm    .   (no shield)
rNeg     . . .     Faith    .   w - +0 plate armour
rPois    .         Spirit   .   (no helmet)
rElec    .         Reflect  .   x - scarf {cloud immunity}
rCorr    .         Harm     .   (no gloves)
MR       .....                  (no boots)
Stlth    ..........             d - amulet of rage
HPRegen  0.17/turn              (no ring)
MPRegen  0.10/turn              (no ring)

@: can't hop, berserk cooldown, slowed, very slow
A: +LOS, swims, slowness 1, strong legs 1
a: Hop, Evoke Berserk Rage


You were on level 5 of the Dungeon.
You were not hungry.

You visited 1 branch of the dungeon, and saw 5 of its levels.

You collected 167 gold pieces.

Inventory:

Hand Weapons
 a - a +0 trident of venom (weapon)
 b - a +1 flail of crushing
 c - a +0 hand axe
Armour
 h - a +0 chain mail
 n - a +0 robe
 p - a +0 cloak
 w - a +0 plate armour (worn)
 x - a scarf of cloud immunity (worn)
Jewellery
 d - an amulet of rage (around neck)
Scrolls
 f - a scroll of blinking {unknown}
 g - 2 scrolls of enchant armour {unknown}
 i - a scroll of fear {unknown}
 j - 3 scrolls of remove curse {unknown}
 l - a scroll of magic mapping {unknown}
 m - 2 scrolls of amnesia {unknown}
 q - 3 scrolls of noise {unknown}
 r - 2 scrolls of teleportation {unknown}
 t - a scroll of fog {unknown}
 y - a scroll of enchant weapon {unknown}
Potions
 e - a potion of invisibility
 k - a potion of resistance
 o - a potion of brilliance
 s - a potion of magic
 v - a potion of haste
 z - 3 potions of curing {unknown}
Comestibles
 u - a ration


   Skills:
 + Level 5.4 Fighting
 + Level 5.0 Axes
 + Level 3.7 Armour
 + Level 4.9 Dodging
 - Level 1.7 Stealth


You had 5 spell levels left.
You didn't know any spells.

Dungeon Overview and Level Annotations

Branches:
Dungeon (5/15)
 Temple: D:4-7

Altars:
Ru
Wu Jian
Yredelemnul


Innate Abilities, Weirdness & Mutations

Shadows flee at your approach. (+LOS)
You can swim through water.
You cover ground slowly.
You can hop short distances.


Message History

The ice beast hits you but does no damage.
You puncture the ice beast!
The ice beast is poisoned.
The ice beast is almost dead.
The ogre barely misses you.
The ice beast hits you but does no damage.
You closely miss the ice beast.
The ice beast is almost dead.
You are no longer berserk.
You are exhausted.
You feel yourself slow down.
You kill the ice beast!
Your Axes skill increases to level 5!
The ogre hits you with a giant club!!
* * * LOW HITPOINT WARNING * * *
You hit the ogre.
The ogre is poisoned.
The ogre is lightly wounded.
The yak gores you!
* * * LOW HITPOINT WARNING * * *
The ogre hits you with a giant club!
You die...

#. #.#############
#.#######.............####
#.#........##.....>.......
#.#.##........####§§≈§≈###
#.#.##.##.######..≈###≈#
#.#.##.##.# #.#..' +..#
#.#.##.##.# # ##≈###≈.#
#.#.##.##.# #≈≈≈≈≈..
#....#.##@# .... ....
#.......OY#######..# ..##.
##...#.##..........#.#
##.#.#.##.#...........
##.###..##.#.#...#...#.J
##.## ##.##.#..#..O#...#
#.## ##.#.#..:#...# ##.##
##.##.#..#...#..
##.###.###.#.#...#...#


You could see a yak and an ogre.

Vanquished Creatures
  An ice beast (D:5)
  A phantom (D:5)
  A scorpion (D:4)
  Terence (D:2)
  2 worker ants (D:5)
  3 adders
  A dart slug (D:2)
  2 leopard geckos (D:1)
  11 orcs
  2 ball pythons
  6 giant cockroaches
  4 goblins
  7 hobgoblins
  3 jackals (D:3)
  4 quokkas
  4 bats (D:2)
  5 frilled lizards
  10 kobolds
  8 rats
  A spectral orc (D:2)
77 creatures vanquished.

Notes
Turn   | Place    | Note
-------+----------+-------------------------------------------
     0 | D:1      | shenanigans the Barachi Monk began the quest for the Orb.
     0 | D:1      | Reached XP level 1. HP: 18/18 MP: 1/1
   512 | D:1      | Reached XP level 2. HP: 25/25 MP: 2/2
   955 | D:1      | Reached skill level 1 in Armour
  1349 | D:2      | Found a basalt altar of Yredelemnul.
  1384 | D:2      | Reached XP level 3. HP: 30/30 MP: 3/3
  1434 | D:2      | Found a sacrificial altar of Ru.
  2100 | D:2      | Noticed Terence
  2127 | D:2      | Killed Terence
  2127 | D:2      | Reached XP level 4. HP: 14/38 MP: 4/4
  2427 | D:2      | Found an ornate altar of the Wu Jian Council.
  3763 | D:4      | Reached XP level 5. HP: 16/43 MP: 5/5
  4694 | D:5      | Entered Level 5 of the Dungeon
  4705 | D:5      | Noticed a phantom
  4739 | D:5      | Killed a phantom
  4739 | D:5      | Reached skill level 5 in Fighting
  4739 | D:5      | Reached XP level 6. HP: 31/51 MP: 6/6
  4950 | D:5      | Noticed a yak
  4950 | D:5      | Noticed an ice beast
  4968 | D:5      | Killed an ice beast
  4968 | D:5      | Reached skill level 5 in Axes
  4969 | D:5      | Slain by an ogre

Vault maps used:
D:1:      dpeg_arrival_rooms_c, roderic_serpentine_path
D:2:      marbit_many_paths, yredelemnul_forgotten_temple_becter,
          lemuel_coloured_pillars_altar, patterned_corridor, uniq_terence
D:4:      serial_glass, glass_columns_c, glass_columns_a, glass_columns_a,
          glass_columns_b, serial_bayou_ford_a,
          hangedman_abyss_or_decor_lesser_grid
D:5:      cheibrodos_fzero, kennysheep_mini_moat,
          nicolae_overflow_hidden_temple, minmay_temple_entry_junction,
          first_ration

Skill      XL: |  1  2  3  4  5  6 |
---------------+-------------------+-----
Armour         | 1 2 3 |  3.7
Fighting       | 4 5 |  5.4
Axes           | 4 5 |  5.0
Dodging        | 4 |  4.9
Stealth        | |  1.7

Action                   |  1- 3 |  4- 6 || total
-------------------------+-------+-------++-------
Melee: Hand axe          |   131 |    81 ||   212
       Flail             |       |    69 ||    69
       Trident           |       |    47 ||    47
 Abil: Hop               |     2 |     2 ||     4
       Evoke Berserk Rag |       |     1 ||     1
  Use: Scroll            |     3 |     3 ||     6
       Potion            |     2 |     1 ||     3
 Stab: Sleeping          |     1 |       ||     1
  Eat: Chunk             |     4 |     5 ||     9
       Ration            |       |     2 ||     2
Armor: Chain mail        |    77 |    93 ||   170
       Robe              |     2 |       ||     2
       Plate armour      |       |    21 ||    21
Dodge: Dodged            |    54 |    82 ||   136

Table legend:
 A = Spawn XP
 B = Non-spawn XP
 C = Spawn XP percentage of total XP
 D = Spawn monster count
 E = Non-spawn monster count
 F = Spawn count percentage of total count
 G = Total turns spent on level
                    A         B        C        D         E        F      G
               +---------+---------+-------+---------+---------+-------+---------
         Total |       0 |     586 |   0.0 |       0 |      77 |   0.0 |  4969
               +---------+---------+-------+---------+---------+-------+---------
           D:1 |       0 |      39 |   0.0 |       0 |      17 |   0.0 |  1548
           D:2 |       0 |      90 |   0.0 |       0 |      28 |   0.0 |  1163
           D:3 |       0 |      31 |   0.0 |       0 |      16 |   0.0 |   941
           D:4 |       0 |     114 |   0.0 |       0 |      12 |   0.0 |  1042
           D:5 |       0 |     312 |   0.0 |       0 |       4 |   0.0 |   275
               +---------+---------+-------+---------+---------+-------+---------
